 Dungeon Crawl Stone Soup version 0.31.0-11-ge490571c62 (webtiles) character file.

Game seed: 18321629912198446854

238 qw the Shooter (level 5, -5/26 HPs)
             Began as a Spriggan Hunter on Feb 4, 2024.
             Killed by nerve-wracking pain
             ... invoked by an orc priest
              (12 damage)
             ... on level 3 of the Dungeon.
             The game lasted 00:00:09 (2271 turns).

qw the Shooter (Spriggan Hunter)                    Turns: 2271, Time: 00:00:09

Health: -5/26      AC:  2    Str:  7    XL:     5   Next: 78%
Magic:  6/6        EV: 20    Int: 11    God:
Gold:   58         SH:  0    Dex: 20    Spells: 4/4 levels left

rFire   . . .        a - +0 shortbow (flame)
rCold   . . .        (shield currently unavailable)
rNeg    . . .        c - +0 robe
rPois   .            (helmet restricted)
rElec   .            (no cloak)
rCorr   .            (gloves unavailable)
SInv    +            (boots unavailable)
Will    .....        (no amulet)
Stlth   ++           (no ring)
HPRegen 0.24/turn    (no ring)
MPRegen 0.10/turn

%: no passive effects
@: very quick
A: very small, no large weapons, unfitting armour, see invisible, speed 3
a: no special abilities


You were on level 3 of the Dungeon.
You visited 1 branch of the dungeon, and saw 3 of its levels.

You collected 161 gold pieces.
You spent 103 gold pieces at shops.


Innate Abilities, Weirdness & Mutations

You are very small and have problems with some larger weapons.
You are too small for most types of armour.
You have supernaturally acute eyesight. (SInv)
You cover ground extremely quickly. (Speed+++)


   Skills:
 - Level 2.0 Fighting
 + Level 5.8 Ranged Weapons
 - Level 5.5 Dodging
 - Level 1.5 Stealth


You had 4 spell levels left.
You didn't know any spells.
Your spell library was empty.

Inventory:

Hand Weapons
 a - a +0 shortbow of flaming (weapon)
Armour
 c - a +0 robe (worn)
 d - a +2 robe of positive energy
Jewellery
 m - a ring of flight
Scrolls
 i - 2 scrolls of amnesia {unknown}
 j - 3 scrolls of teleportation
Potions
 b - a potion of brilliance {unknown}
 e - a potion of mutation
 f - 3 potions of curing
 g - a potion of heal wounds
 h - a potion of cancellation
 k - a potion of ambrosia {unknown}
 l - a potion of enlightenment {unknown}

Dungeon Overview and Level Annotations

Branches:
Dungeon (3/15)

Altars:
Hepliaklqana
Nemelex Xobeh

Shops:
D:3 [!


Message History

The orc wizard points at you and mumbles some strange words.
The magic dart hits you!
You shoot an arrow.
The arrow closely misses the orc wizard.
The orc wizard closely misses you.
You shoot an arrow.
The arrow closely misses the orc wizard.
The orc wizard misses you.
You shoot an arrow.
The arrow hits the orc wizard but does no damage.
The orc wizard hits you with a +0 dagger.
You shoot an arrow. The arrow barely misses the orc wizard.
The orc priest closely misses you. The orc wizard closely misses you.
You shoot an arrow. The arrow barely misses the orc wizard.
The orc priest misses you.
The orc wizard hits you with a +0 dagger.
The orc priest completely misses you.
You shoot an arrow. The arrow hits the orc wizard.
The arrow burns the orc wizard.
The orc wizard is moderately wounded.
The orc wizard completely misses you. The orc priest closely misses you.
You shoot an arrow.
The arrow closely misses the orc wizard.
The orc wizard barely misses you. The orc priest closely misses you.
The orc wizard hits you with a +0 dagger.
You shoot an arrow. The arrow hits the orc wizard!
The arrow burns the orc wizard.
You kill the orc wizard!
The orc priest hits you with a +0 club.
You shoot an arrow. The arrow barely misses the orc priest.
The orc priest hits you with a +0 club.
You shoot an arrow.
The arrow closely misses the orc priest.
The orc priest misses you.
You shoot an arrow. The arrow hits the orc priest.
The arrow burns the orc priest.
The orc priest is lightly wounded.
The orc priest mumbles some strange prayers to Beogh against you.
Pain shoots through your body!
You die...

#....#.~.~~~~~.~~~.~.....##
#......~.....~.....~......#
#...#..~~~~~.~~~~~~~.......
#######...##...............######
#.........##..#.....##..####
#.....(.#7##......####.##
#.........##.###.#########
#.......7\7#.# #.###.....##
........#..#.# #@##.......## .
........#7.#.###o)....<....# ..
#...>.............)7.....7.###...
#.....###..#####...........#.....
#.P.P.# #..# #.....7.7.....##
#.P\P.# #..## #.#.........#...##
#.P...###...## #.#.7.....7.###.#.
#......##.#..###.#....<..........
#...##.##.##.##..##.......#.###..


You could see an orc priest.

Vanquished Creatures
  A vampire bat (D:3)
  An orc wizard (D:3)
  An adder (D:2)
  A white imp (D:3)
  3 dart slugs
  3 fire bats (D:3)
  4 orcs (D:3)
  2 spectral bats (D:3)
  3 bat skeletons (D:3)
  A bat zombie (D:3)
  7 endoplasms
  4 giant cockroaches
  6 goblins
  3 hobgoblins
  3 jackals (D:2)
  5 kobolds
  2 quokkas (D:1)
  3 ball pythons
  14 bats
  A bat simulacrum (D:3)
  5 frilled lizards
  6 rats
79 creatures vanquished.

Notes
Turn   | Place    | Note
-------+----------+-------------------------------------------
     0 | D:1      | qw the Spriggan Hunter began the quest for the Orb.
     0 | D:1      | Reached XP level 1. HP: 10/10 MP: 2/2
     0 | D:1      | 0 ||| qw: Version: 0.3-a-160-g6735b56
     0 | D:1      | 0 ||| qw: Game counter: 4678
     0 | D:1      | 0 ||| qw: Melee chars always use a shield: true
     0 | D:1      | 0 ||| qw: God list: Okawaru
     0 | D:1      | 0 ||| qw: Allow faded altars: false
     0 | D:1      | 0 ||| qw: Do Orc after clearing Dungeon:15 true
     0 | D:1      | 0 ||| qw: Do second Lair branch before Depths: true
     0 | D:1      | 0 ||| qw: Lair rune preference: random
     0 | D:1      | 0 ||| qw: Goals: Normal
     0 | D:1      | 0 ||| PLANNING D:1-11
    14 | D:1      | Reached skill level 3 in Dodging
   177 | D:1      | Reached XP level 2. HP: 14/14 MP: 3/3
   636 | D:1      | 636 ||| READING scroll labelled WIFRIPRUEHY.
   636 | D:1      | 636 ||| BRANDING +0 shortbow.
   637 | D:1      | 637 ||| READING 3 scrolls labelled PIROGE DAK JUO.
   637 | D:1      | 637 ||| IDENTIFYING murky cyan potion
   638 | D:1      | 638 ||| READING 2 scrolls of identify.
   638 | D:1      | 638 ||| IDENTIFYING 2 sedimented inky potions
   639 | D:1      | 639 ||| READING scroll of identify.
   639 | D:1      | 639 ||| IDENTIFYING scroll labelled FUSORPH ILUL
   640 | D:1      | 640 ||| READING scroll labelled HANOPE QERUODGH.
   645 | D:1      | 645 ||| DROPPING scroll of butterflies.
   646 | D:1      | 646 ||| DROPPING scroll of noise.
   666 | D:2      | 666 ||| STAIRDANCE
   670 | D:2      | 670 ||| STAIRDANCE
   687 | D:2      | Reached XP level 3. HP: 7/18 MP: 4/4
   777 | D:2      | Identified the +3 ring mail "Noby" {rPois}
   808 | D:2      | Found a faded altar of an unknown god.
  1564 | D:2      | 1564 ||| READING scroll of identify.
  1564 | D:2      | 1564 ||| IDENTIFYING murky golden potion
  1565 | D:2      | 1565 ||| READING scroll labelled SODANUMP ULAFF.
  1566 | D:2      | 1566 ||| READING scroll labelled ZUSATZ DUQYENG.
  1567 | D:2      | 1567 ||| DRINKING 2 fuming brown potions.
  1673 | D:3      | Reached XP level 4. HP: 15/22 MP: 5/5
  1716 | D:3      | Found Asadixeu's Antique Armour Shoppe.
  1723 | D:3      | 1723 ||| SHOPLISTING cloak (126 gold, have 112).
  1723 | D:3      | 1723 ||| BUYING embroidered robe (103 gold).
  1723 | D:3      | Bought an embroidered robe for 103 gold pieces
  1730 | D:3      | Found Ugavau's Distillery.
  1733 | D:3      | 1733 ||| SHOPLISTING 2 potions of curing (78 gold, have
                  | 17).
  1733 | D:3      | 1733 ||| SHOPLISTING potion of curing (39 gold, have 17).
  1889 | D:3      | Found a sparkling altar of Nemelex Xobeh.
  1891 | D:3      | Found a hazy altar of Hepliaklqana.
  1994 | D:3      | Reached XP level 5. HP: 24/26 MP: 6/6
  2271 | D:3      | Killed from afar by an orc priest

Levels and vault maps discovered:
D:1:      lightli_iron_boxes, layout_basic
D:2:      layout_loops_corners, dreamdust_ecumenical_altar_angels_and_demons
D:3:      layout_rooms, mainiacjoe_overflow_catwalk_spiral, serial_shops,
          nicolae_shop_trees, nicolae_shop_overgrown_old_shop, serial_bayou,
          serial_bayou_shore_a, serial_bayou_crossing, serial_bayou_shore_b,
          serial_bayou_shore_b, serial_bayou_lake_a, grunt_ministairs_10,
          goddamned_bats

Skill      XL: |  1  2  3  4  5 |
---------------+----------------+-----
Dodging        | 3 4 5 |  5.5
Ranged Weapons | 5 |  5.8
Fighting       | 2 |  2.0
Stealth        | |  1.5

Action                     |  1- 3 |  4- 6 || total
---------------------------+-------+-------++-------
   Fire: Shortbow          |    97 |   106 ||   203
    Use: Scroll            |     8 |       ||     8
         Potion            |     1 |       ||     1
 Armour: Robe              |    15 |    57 ||    72
  Dodge: Dodged            |    35 |   201 ||   236

Table legend:
 A = Non-vault XP
 B = Vault XP
 C = Vault XP percentage of total XP
 D = Non-vault monster count
 E = Vault monster count
 F = Vault count percentage of total count
                 A         B        C        D         E       F
            +---------+---------+-------+---------+---------+-------
      Total |     160 |     181 |  53.1 |      57 |      22 |  27.8
            +---------+---------+-------+---------+---------+-------
        D:1 |      39 |       0 |   0.0 |      26 |       0 |   0.0
        D:2 |      46 |       0 |   0.0 |      15 |       0 |   0.0
        D:3 |      75 |     181 |  70.7 |      16 |      22 |  57.9
            +---------+---------+-------+---------+---------+-------
